 Dungeon Sprint DCSS version 0.26.1-11-gd32895ea62 (webtiles) character file.

Game seed: 15178986081308822419

429 Dadi the Basher (level 6, -11/106 HPs)
             Began as a Minotaur Berserker on July 27, 2021.
             Was a Believer of Trog.
             Mangled by Sonja
             ... wielding a +1 short sword of distortion
              (12 damage)
             ... in the Dungeon (Sprint I: "Red Sonja").
             The game lasted 00:02:51 (694 turns).

Dadi the Basher (Minotaur Berserker)                 Turns: 694, Time: 00:02:52

Health: -11/106    AC:  3    Str: 24    XL:     6   Next: 66%
Magic:  5/5        EV: 12    Int:  4    God:    Trog [**....]
Gold:   129        SH:  0    Dex:  9    Spells: 5/5 levels left

rFire    + . .     SeeInvis .   a - +0 mace
rCold    . . .     Faith    .   (no shield)
rNeg     . . .     Spirit   .   j - +0 leather armour {rF+}
rPois    .         Reflect  .   (helmet restricted)
rElec    .         Harm     .   (no cloak)
rCorr    .         Rampage  .   (no gloves)
Will     .....     NoTele   +   (no boots)
Stlth    ..........             (no amulet)
HPRegen  0.27/turn              (no ring)
MPRegen  0.09/turn              (no ring)

@: berserking, very quick
A: retaliatory headbutt, horns 2
a: Renounce Religion, Berserk, Trog's Hand


You were in the Dungeon.
You worshipped Trog.
Trog was pleased with you.
You visited 1 branch You collected 173 gold pieces.
You spent 44 gold pieces at shops.


Innate Abilities, Weirdness & Mutations

You reflexively headbutt those who attack you in melee.
You have a pair of horns on your head.


   Skills:
 + Level 12.3 Fighting
 + Level 12.3 Maces & Flails
 - Level 2.4 Armour
 - Level 2.1 Dodging


You had 5 spell levels left.
You didn't know any spells.
Your spell library was empty.

Inventory:

Hand Weapons
 a - a +0 mace (weapon)
Armour
 b - a +0 animal skin
 j - a +0 leather armour of fire resistance (worn)
   (You took it off Ijyb in the Dungeon)
Scrolls
 h - a scroll of blinking {!r}
Potions
 c - a potion of curing {@q1}
 d - a potion of heal wounds {@q2}
 e - a potion of haste {@q3}
 f - 2 potions of magic
 g - a potion of berserk rage {!q}
 i - a potion of attraction {unknown}
 k - a potion of brilliance {unknown}
 l - a potion of degeneration {unknown}
 m - a potion of might

Dungeon Overview and Level Annotations

Branches:
Dungeon (1/1)

Altars:
Cheibriados
Dithmenos
Elyvilon
Fedhas
Gozag
Hepliaklqana
Kikubaaqudgha
Nemelex Xobeh
Okawaru
Qazlal
Ru
Sif Muna
Trog
Uskayaw
Vehumet
Wu Jian
Yredelemnul
Zin
The Shining One

Shops:
D !

Annotations:
D Sonja

#<.#..)..#..'..#
#..').#..'..#..+
#..#####'#####'#
#..####..# #.#
#.)#__#### ##.#
#..#_____##+#_.+
#⌠⌠#_.∩...†..._#
####_..__##_K#+#
#_____###@#
####### #.#
+$.$+ #$.$#
##.## #+#


You could see Sonja.


Message History

Your Fighting skill increases to level 12!
Your Maces & Flails skill increases to level 12! 😮 HP[+3]
You now have 106 max hp (+4).
You regained 3 hp, and now have 79/106 hp.
No target in view!
No target in view!
Found an opulent altar of Gozag.
There is an open door, spattered with blood here.
You see here a yak corpse.
You feel a strong urge to attack something.
Found a sparkling altar of Nemelex Xobeh.
You start resting.
You feel your anger nearly subside.
You are no longer berserk.
You are exhausted.
You feel yourself slow down.
You feel yourself speed up.
You recover from your berserk rage. 😎 HP[-8]
You now have 71 max hp (-35).
There is an entrance to Taliteni's Distillery here.
Okay, then.
m - a potion of might Thank you for shopping at Taliteni's Distillery!
Okay, then.
There is an open door, spattered with blood here.
You see here a yak corpse.
There is a radiant altar of Vehumet here.
Okay, then.
You open the door.
Sonja, the Graceful Assassin comes into view.
She is wielding a +1 short sword of distortion and quivering 7 curare-tipped darts.
Sonja shouts!
Sonja mumbles some strange words.
Sonja blinks!
There is an open door here.
A red film seems to cover your vision as you go berserk!
You feel yourself moving faster!
You feel mighty!
Sonja hits you with a +1 short sword of distortion.
Sonja hits you but does no damage. x2
Space bends around you. 😕 HP[+29]
You now have 106 max hp (+35).
You regained 29 hp, and now have 100/106 hp.
You barely miss Sonja.
Sonja hits you with a +1 short sword of distortion.
Sonja closely misses you.
Sonja hits you with a +1 short sword of distortion. 😕 HP[-7]
You take 7 damage, and now have 93/106 hp.
You miss Sonja. Your headbutt misses Sonja. You barely miss Sonja.
Sonja hits you with a +1 short sword of distortion.
Space bends around you.
Sonja hits you with a +1 short sword of distortion.
Space bends around you. Sonja closely misses you. 😕 HP[-8]
You take 8 damage, and now have 85/106 hp.
You miss Sonja.
Sonja hits you with a +1 short sword of distortion.
Space warps horribly around you!! Sonja closely misses you.
Sonja hits you with a +1 short sword of distortion.
Space warps horribly around you!
* * * LOW HITPOINT WARNING * * *
😨 HP[-33]
You take 33 damage, and now have 52/106 hp.
MASSIVE DAMAGE!! (PAUSE)
You sock Sonja! Your headbutt misses Sonja. You completely miss Sonja.
Your headbutt misses Sonja.
Sonja casts a spell.
Sonja blinks!
Sonja barely misses you. Sonja hits you but does no damage.
Sonja hits you with a +1 short sword of distortion.
* * * LOW HITPOINT WARNING * * *
Space warps horribly around you!!
* * * LOW HITPOINT WARNING * * *
😨 HP[-25]
You take 25 damage, and now have 27/106 hp.
MASSIVE DAMAGE!! (PAUSE)
You barely miss Sonja.
Sonja gestures wildly while chanting.
Sonja blinks!
Sonja misses you. Sonja hits you but does no damage. Space bends around you.
* * * LOW HITPOINT WARNING * * *
Sonja hits you with a +1 short sword of distortion.
* * * LOW HITPOINT WARNING * * *
Space warps horribly around you!
* * * LOW HITPOINT WARNING * * *
There is an open door here. 😱 HP[-22]
You take 22 damage, and now have 5/106 hp.
MASSIVE DAMAGE!! (PAUSE)
You hit Sonja. Sonja hits you but does no damage. Space bends around you.
* * * LOW HITPOINT WARNING * * *
Sonja hits you but does no damage. x2
Space warps horribly around you!
You die...

Skill      XL: |  1  2  3  4  5  6 |
---------------+-------------------+-----
Fighting       | 6 8 10 11 12 | 12.3
Maces & Flails | 6 8 10 11 12 | 12.3
Armour         | |  2.4
Dodging        | |  2.1

Action                   |  1- 3 |  4- 6 || total
-------------------------+-------+-------++-------
Melee: Mace              |     9 |    17 ||    26
       Headbutt          |       |     4 ||     4
Invok: Berserk           |     2 |     4 ||     6
Armor: Leather armour    |       |     5 ||     5
Dodge: Dodged            |     4 |     5 ||     9

Levels and vault maps discovered:
D:        dungeon_sprint_1 [red_sonja_temple_1, red_sonja_temple_small_1]

Notes
Turn   | Place    | Note
-------+----------+-------------------------------------------
     0 | D        | Dadi the Minotaur Berserker began the quest for the Orb.
     0 | D        | Reached XP level 1. HP: 19/19 MP: 0/0
     0 | D        | magus.rc [v1.10.3.2021-6-05.01:30:15PM]
     2 | D        | Noticed Ijyb
    11 | D        | Killed Ijyb
    12 | D        | Reached skill level 6 in Fighting
    12 | D        | Reached skill level 6 in Maces & Flails
    12 | D        | Reached XP level 2. HP: 29/30 MP: 1/1
   122 | D        | Noticed an ogre
   126 | D        | Killed an ogre
   127 | D        | Reached skill level 8 in Fighting
   127 | D        | Reached skill level 8 in Maces & Flails
   127 | D        | Reached XP level 3. HP: 41/41 MP: 2/2
   127 | D        | Reached XP level 4. HP: 49/49 MP: 3/3
   237 | D        | Noticed Sigmund
   266 | D        | Killed Sigmund
   266 | D        | Reached ** piety under Trog
   267 | D        | Reached skill level 10 in Fighting
   267 | D        | Reached skill level 10 in Maces & Flails
   267 | D        | Reached XP level 5. HP: 31/59 MP: 4/4
   395 | D        | Killed a gargoyle
   475 | D        | Found an ornate altar of the Wu Jian Council.
   475 | D        | Found a shimmering blue altar of Sif Muna.
   477 | D        | Found a radiant altar of Vehumet.
   481 | D        | Reached skill level 11 in Fighting
   481 | D        | Reached skill level 11 in Maces & Flails
   481 | D        | Reached XP level 6. HP: 68/68 MP: 5/5
   597 | D        | Found Taliteni's Distillery.
   597 | D        | Found an ancient bone altar of Kikubaaqudgha.
   597 | D        | Found a hazy altar of Hepliaklqana.
   597 | D        | Found a stormy altar of Qazlal.
   597 | D        | Found a hide-covered altar of Uskayaw.
   597 | D        | Found a blossoming altar of Fedhas.
   597 | D        | Found a bloodstained altar of Trog.
   597 | D        | Found an iron altar of Okawaru.
   597 | D        | Found a basalt altar of Yredelemnul.
   597 | D        | Found a glowing golden altar of the Shining One.
   597 | D        | Found a snail-covered altar of Cheibriados.
   597 | D        | Found a sacrificial altar of Ru.
   597 | D        | Found a glowing silver altar of Zin.
   597 | D        | Found a shadowy altar of Dithmenos.
   597 | D        | Found a white marble altar of Elyvilon.
   597 | D        | Noticed a yak
   601 | D        | Killed a yak
   602 | D        | Reached skill level 12 in Fighting
   602 | D        | Reached skill level 12 in Maces & Flails
   602 | D        | Found an opulent altar of Gozag.
   603 | D        | Found a sparkling altar of Nemelex Xobeh.
   677 | D        | Bought a potion of might for 44 gold pieces
   682 | D        | Noticed Sonja
   693 | D        | HP: 26/106 [Sonja/+1 short sword of distortion (2)]
   693 | D        | HP: 5/106 [Sonja/+1 short sword of distortion (16)]
   694 | D        | HP: 1/106 [Sonja/+1 short sword of distortion (4)]
   694 | D        | Mangled by Sonja

Vanquished Creatures
  Sigmund (D)
  A yak (D)
  An ogre (D)
  A jelly (D)
  Ijyb (D)
5 creatures vanquished.

Vanquished Creatures (others)
  A gargoyle (D)
1 creature vanquished.

Grand Total: 6 creatures vanquished

Table legend:
 A = Non-vault XP
 B = Vault XP
 C = Vault XP percentage of total XP
 D = Non-vault monster count
 E = Vault monster count
 F = Vault count percentage of total count
                 A         B        C        D         E       F
            +---------+---------+-------+---------+---------+-------
      Total |       0 |     614 | 100.0 |       0 |       5 | 100.0
            +---------+---------+-------+---------+---------+-------
          D |       0 |     614 | 100.0 |       0 |       5 | 100.0
            +---------+---------+-------+---------+---------+-------

Illustrated notes

Table legend:
 A = Kills in this place as a percentage of kills in entire the game.
 B = Kills by you in this place as a percentage of kills by you in the entire game.
 C = Kills by friends in this place as a percentage of kills by friends in the entire game.
 D = Other kills in this place as a percentage of other kills in the entire game.
 E = Experience gained in this place as a percentage of experience gained in the entire game.
 F = Experience gained in this place divided by the number of levels of this place that you have seen.
                   A       B       C       D       E      F
               +-------+-------+-------+-------+-------+----------------------
         Total | 100.0 | 100.0 |   N/A |   N/A | 100.0 | 614.0
       Dungeon | 100.0 | 100.0 |   N/A |   N/A | 100.0 | 614.0
               +-------+-------+-------+-------+-------+----------------------

Table legend: (Time is in decaauts)
 A = Elapsed time spent in this place.
 B = Non-inter-level travel time spent in this place.
 C = Inter-level travel time spent in this place.
 D = Time resting spent in this place.
 E = Time spent auto-exploring this place.
 F = Levels seen in this place.
 G = Mean time per level.
                   A        B        C        D        E       F      G
               +--------+--------+--------+--------+--------+-----+--------+
         Total |    741 |    741 |      0 |    618 |      0 |   1 |  741.0 |
       Dungeon |    741 |    741 |      0 |    618 |      0 |   1 |  741.0 |
               +--------+--------+--------+--------+--------+-----+--------+

Top non-repeatable levels by time:
       D: 741 daAuts
